 Dungeon Crawl Stone Soup version 0.28-a0-1356-g2ad6d04315 (webtiles) character file.

Game seed: 16734782402494520854

9480 Shayle the Covert (level 11, -5/129 HPs)
             Began as a Naga Warper on Dec 31, 2021.
             Was a Follower of Kikubaaqudgha.
             Slain by a centaur warrior (8 damage)
             ... on level 9 of the Dungeon.
             The game lasted 00:43:13 (14676 turns).

Shayle the Covert (Naga Warper)                    Turns: 14676, Time: 00:43:31

Health: -5/129     AC: 25    Str: 14    XL:     11   Next: 47%
Magic:  1/15       EV:  1    Int: 16    God:    Kikubaaqudgha [*.....]
Gold:   342        SH:  5    Dex: 18    Spells: 0/16 levels left

rFire   . . .      SeeInvis +   n - +3 dagger "Blob" {venom, rC+ SInv}
rCold   + . .      Faith    .   y - +0 buckler
rNeg    . . .      Spirit   .   (armour currently unavailable)
rPois   +          Reflect  .   (helmet currently unavailable)
rElec   .          Harm     .   (cloak currently unavailable)
rCorr   +          Rampage  .   (gloves currently unavailable)
Will    +....      NoTele   +   (no barding)
Stlth   +++++.....              (no amulet)
HPRegen 0.31/turn               m - +6 ring of dexterity
MPRegen 0.14/turn               h - ring of resist corrosion

@: mighty, short of breath, tree-form
A: stationary, stasis, torment immunity, boosted hp, AC +3, large, see
invisible, (deformed body), (poison resistance), (slowness 2), spit poison 1,
(naga tail 1)
a: Spit Poison, Renounce Religion, Receive Corpses


You were on level 9 of the Dungeon.
You worshipped Kikubaaqudgha.
Kikubaaqudgha was aware of your devotion.
You were a tree.
You visited 2 branches of the dungeon, and saw 11 of its levels.

You collected 571 gold pieces.
You spent 229 gold pieces at shops.

Inventory:

Hand Weapons
 a - a +0 short sword of protection
 n - the +3 dagger "Blob" (weapon) {venom, rC+ SInv}
   (You found it on level 2 of the Dungeon)

   It poisons the flesh of those it strikes.
   rC:        It protects you from cold.
   SInv:      It lets you see invisible.
 p - a +1 whip of flaming
 z - a +3 scimitar of holy wrath
Missiles
 s - 50 poisoned darts (quivered)
 t - 7 boomerangs
Armour
 b - a +0 leather armour (melded)
 c - an orb of mayhem
 i - a +2 pair of gloves (melded)
 q - an orb of guile
 u - a +0 helmet (melded)
 y - a +0 buckler (worn)
Jewellery
 h - a ring of resist corrosion (right branch)
 m - a +6 ring of dexterity (left branch)
Wands
 v - a wand of iceblast (6)
Scrolls
 e - 2 scrolls of teleportation
 C - 2 scrolls of magic mapping
Potions
 d - a potion of brilliance {unknown}
 f - a potion of ambrosia
 g - 2 potions of haste
 j - a potion of might
 k - 2 potions of degeneration
 l - 3 potions of lignification
 r - 2 potions of magic
 w - a potion of attraction
 x - a potion of cancellation {unknown}
 A - a potion of flight
 B - 2 potions of berserk rage
 D - a potion of mutation {unknown}


   Skills:
 - Level 2.0 Fighting
 - Level 9.2 Short Blades
 - Level 0.8 Throwing
 - Level 0.7 Armour
 - Level 6.6 Dodging
 - Level 10.6 Stealth
 - Level 4.0 Shields
 - Level 3.2 Spellcasting
 + Level 5.5 Necromancy
 + Level 6.4 Translocations
 + Level 5.2 Earth Magic


You couldn't memorise any spells.
You knew the following spells:

 Your Spells              Type           Power      Damage    Failure   Level
a - Blink                 Tloc           46%        N/A       1%          2
b - Teleport Other        Tloc           23%        N/A       4%          3
c - Vampiric Draining     Necr           20%        2d7       6%          3
d - Mephitic Cloud        Conj/Pois/Air  2%         N/A       50%         3
e - Manifold Assault      Tloc           23%        N/A       36%         5

Your spell library contained the following spells:

 Spells                   Type           Power      Damage    Failure   Level
 Pain                     Necr           80%        1d8       1%          1
 Sublimation of Blood     Necr           20%        N/A       3%          2
 Gell's Gravitas          Tloc           23%        N/A       4%          3
 Lesser Beckoning         Tloc           23%        N/A       4%          3
 Corpse Rot               Necr/Air       22%        N/A       9%          2
 Foxfire                  Conj/Fire      8%         2x1d4     19%         1
 Magic Dart               Conj           8%         1d3       19%         1
 Animate Dead             Necr           10%        N/A       19%         4
 Call Imp                 Summ           2%         N/A       28%         2
 Conjure Flame            Conj/Fire      2%         6-21      50%         3
 Inner Flame              Hex/Fire       2%         N/A       50%         3
 Flame Wave               Conj/Fire      2%         2d4       88%         4
 Haunt                    Necr/Summ      5%         N/A       100%        7
 Infestation              Necr           10%        N/A       100%        8


Dungeon Overview and Level Annotations

Branches:
Dungeon (10/15)            Temple (1/1) D:7             Orc (0/2) D:9
   Lair: D:8-11

Altars:
Ashenzari
Cheibriados
Dithmenos
Elyvilon
Fedhas
Gozag
Hepliaklqana
Kikubaaqudgha
Makhleb
Nemelex Xobeh
Okawaru
Qazlal
Ru
Sif Muna
Trog
Uskayaw
Vehumet
Wu Jian
Xom
Yredelemnul
Zin
The Shining One

Shops:
D:1 !   D:7 *   D:9 ([

Annotations:
D:10 Harold


Innate Abilities, Weirdness & Mutations

You are a tree.
Your roots penetrate the ground, keeping you stationary.
You cannot be teleported.
You are immune to unholy pain and torment.
Your maximum health is greatly increased.
Your equipment is partially melded.
((Your serpentine skin is tough. (AC +3)))
You have supernaturally acute eyesight. (SInv)
((Armour fits poorly on your strangely shaped body.))
((Your system is resistant to poisons. (rPois)))
((You cover ground very slowly.))
You can spit poison.
((You have a snake-like lower body.))


Message History

The centaur warrior kicks you but does no damage.
Casting: Vampiric Draining (dangerous; 8% risk of failure)
Confirm with . or Enter, or press ? or * to list all spells.
Okay, then.
You feel better.
The centaur warrior hits you with a staff of death!
* * * LOW HITPOINT WARNING * * *
You writhe in agony!
* * * LOW HITPOINT WARNING * * *
The centaur warrior kicks you.
* * * LOW HITPOINT WARNING * * *
Okay, then.
Okay, then.
Casting: Vampiric Draining (dangerous; 8% risk of failure)
Confirm with . or Enter, or press ? or * to list all spells.
Aiming: Vampiric Draining (dangerous; 8% risk of failure)
Press: ? - help, Shift-Dir - straight line, f/p - centaur warrior
Aim: a centaur warrior, wielding a staff of death, wearing a +0 robe and quivering arrows (heavily wounded, very poisoned)
You draw life force from the centaur warrior.
You feel life coursing into your body. The centaur warrior closely misses you.
The centaur warrior kicks you.
* * * LOW HITPOINT WARNING * * *
You block the centaur warrior's attack. The centaur warrior kicks you.
* * * LOW HITPOINT WARNING * * *
Okay, then.
Aiming: Spit Poison (1% risk of failure)
Press: ? - help, Shift-Dir - straight line, f/p - centaur warrior
Aim: a centaur warrior, wielding a staff of death, wearing a +0 robe and quivering arrows (heavily wounded, very poisoned)
The splash of poison misses the centaur warrior.
The centaur warrior misses you. You block the centaur warrior's attack.
Okay, then.
Really quaff the potion of lignification?
You turn into a tree.
Your +0 helmet melds into your body.
Your +2 pair of gloves melds into your body.
Your +0 leather armour melds into your body.
Your roots penetrate the ground.
The centaur warrior hits you but does no damage.
You writhe in agony!
You die...
Kikubaaqudgha rasps: "You have failed me!
Welcome... death!"

.# .. #..<...[
.# .# #.).....
.# #.##
##....... .#
#...####(.......
.#
.....##..#######
.## ...###.†..#
..## # ##.#
#......# #..##
.##c# ##.....###
##..#######
#.#♣#
##..)[>.####
#.........#
#.#.#
#....#....#
.....##...#
#.#.#
#.......#.#
..#####...#
#.#.#
#...###.... ...#
#...# #.#.#
#....>..... ...#
##### #.#.#
#..#######. #).#
#.#.# ##......#
## )### . #.#.#
##.......# #
#..## ... ##.##
##........# #


You could see a centaur warrior (very poisoned).

Vanquished Creatures
  3 two-headed ogres (D:9)
  Pikel (D:5)
  3 komodo dragons (D:9)
  A troll (D:9)
  Grinder (D:6)
  A hornet (D:6)
  Sigmund (D:6)
  Eustachio (D:5)
  9 yaks
  A steam dragon (D:7)
  A wyvern (D:10)
  3 water moccasins
  3 orc warriors
  3 black bears
  3 ice beasts
  2 necrophages
  A sky beast (D:5)
  2 ogres
  2 centaurs
  A lemure (D:5)
  A kobold brigand (D:8)
  3 bullfrogs
  A gnoll sergeant (D:9)
  2 scorpions (D:5)
  14 killer bees
  9 wights
  4 howler monkeys
  2 hounds (D:5)
  A bullfrog zombie (D:6)
  5 orc priests
  2 iguanas
  A jelly (D:6)
  5 orc wizards
  A scorpion zombie (D:5)
  A killer bee zombie (D:6)
  A howler monkey zombie (D:9)
  8 gnolls
  8 adders
  A shadow imp (D:8)
  2 white imps
  4 dart slugs
  2 worms
  25 orcs
  3 ball pythons
  8 endoplasms
  2 giant cockroaches
  8 goblins
  5 hobgoblins
  2 jackals (D:3)
  10 kobolds
  6 quokkas
  7 bats
  7 frilled lizards
  6 rats
210 creatures vanquished.

Vanquished Creatures (others)
  42 plants (D:9)
42 creatures vanquished.

Grand Total: 252 creatures vanquished

Notes
Turn   | Place    | Note
-------+----------+-------------------------------------------
     0 | D:1      | Shayle the Naga Warper began the quest for the Orb.
     0 | D:1      | Reached XP level 1. HP: 19/19 MP: 3/3
    44 | D:1      | Reached skill level 1 in Stealth
   346 | D:1      | Reached skill level 2 in Stealth
   346 | D:1      | Reached XP level 2. HP: 22/26 MP: 5/5
   616 | D:1      | Found a faded altar of an unknown god.
   763 | D:1      | Reached skill level 3 in Stealth
  1037 | D:1      | Reached XP level 3. HP: 32/32 MP: 6/6
  1081 | D:1      | Found Gal Zici's Distillery.
  1085 | D:1      | Bought 2 potions of degeneration for 22 gold pieces
  1085 | D:1      | Bought a potion of lignification for 33 gold pieces
  1194 | D:2      | Identified the +3 dagger "Blob" {venom, rC+ SInv}
  1212 | D:2      | Found a shadowy altar of Dithmenos.
  1317 | D:2      | Reached skill level 4 in Stealth
  1437 | D:2      | Reached XP level 4. HP: 30/39 MP: 7/7
  2262 | D:3      | Reached skill level 5 in Stealth
  2906 | D:4      | Reached XP level 5. HP: 23/45 MP: 8/8
  2921 | D:4      | Learned a level 2 spell: Blink
  2925 | D:4      | Learned a level 3 spell: Teleport Other
  3192 | D:4      | Found a hazy altar of Hepliaklqana.
  3321 | D:4      | Reached skill level 6 in Stealth
  3517 | D:4      | Noticed a necrophage
  3560 | D:4      | Killed a necrophage
  3561 | D:4      | Reached skill level 7 in Stealth
  3561 | D:4      | Reached XP level 6. HP: 39/52 MP: 9/9
  3974 | D:5      | Entered Level 5 of the Dungeon
  3974 | D:5      | Noticed a water moccasin
  4009 | D:5      | Killed a water moccasin
  4010 | D:5      | Reached skill level 8 in Stealth
  4010 | D:5      | Reached XP level 7. HP: 29/60 MP: 10/10
  4643 | D:5      | Noticed Pikel
  4670 | D:5      | Killed Pikel
  4671 | D:5      | Reached skill level 10 in Stealth
  4671 | D:5      | Reached XP level 8. HP: 30/67 MP: 11/11
  4679 | D:5      | Learned a level 5 spell: Manifold Assault
  4897 | D:5      | Reached skill level 5 in Short Blades
  5789 | D:5      | Noticed an unseen horror
  6097 | D:5      | Reached XP level 9. HP: 73/73 MP: 12/12
  6230 | D:6      | Noticed Eustachio
  6249 | D:5      | Killed Eustachio
  6250 | D:5      | Reached skill level 5 in Dodging
  6584 | D:6      | Noticed Sigmund
  6604 | D:6      | Killed Sigmund
  6870 | D:6      | Noticed a hornet
  7109 | D:6      | Noticed Grinder
  7123 | D:6      | Paralysed by Grinder for 5 turns
  7133 | D:6      | Killed Grinder
  7134 | D:6      | Reached skill level 5 in Translocations
  7445 | D:6      | Killed a hornet
  8072 | D:7      | Found Nupha's Specific Store.
  8074 | D:7      | Found Mecid's General Store.
  8083 | D:7      | Bought a scroll of fear for 42 gold pieces
  8083 | D:7      | Bought a scroll of teleportation for 36 gold pieces
  8083 | D:7      | Bought a potion of flight for 36 gold pieces
  8083 | D:7      | Bought a potion of berserk rage for 60 gold pieces
  8156 | D:7      | Reached XP level 10. HP: 57/80 MP: 13/13
  8414 | D:7      | Found a staircase to the Ecumenical Temple.
  8423 | Temple   | Entered the Ecumenical Temple
  8486 | Temple   | Became a worshipper of Kikubaaqudgha
  9014 | D:7      | Reached skill level 1 in Necromancy
 10498 | D:9      | Reached skill level 1 in Earth Magic
 10903 | D:9      | Noticed a two-headed ogre
 10959 | D:10     | Entered Level 10 of the Dungeon
 11481 | D:10     | Noticed Harold
 11561 | D:8      | Reached skill level 1 in Shields
 11869 | D:8      | Learned a level 3 spell: Mephitic Cloud
 12251 | D:9      | Noticed a two-headed ogre
 12339 | D:9      | Killed a two-headed ogre
 12673 | D:9      | Reached XP level 11. HP: 84/86 MP: 15/15
 12676 | D:9      | Reached * piety under Kikubaaqudgha
 12676 | D:9      | Received a gift from Kikubaaqudgha
 12683 | D:9      | Learned a level 3 spell: Vampiric Draining
 13430 | D:9      | Noticed a two-headed ogre
 13450 | D:9      | Killed a two-headed ogre
 13567 | D:9      | Found a staircase to the Orcish Mines.
 13567 | D:9      | Found Fyonn's Weapon Shop.
 13642 | D:9      | Noticed a death knight
 13857 | D:9      | Reached skill level 5 in Necromancy
 13919 | D:9      | Found Maxus's Armour Shop.
 14408 | D:9      | Killed a two-headed ogre
 14409 | D:9      | Reached skill level 5 in Earth Magic
 14662 | D:9      | Noticed a centaur warrior
 14673 | D:9      | HP: 4/86 [centaur warrior (9)]
 14674 | D:9      | HP: 1/86 [centaur warrior (2)]
 14676 | D:9      | Slain by a centaur warrior

Illustrated notes

Levels and vault maps discovered:
D:1:      giann_horns, layout_basic, serial_shops, nicolae_square_shop,
          serial_glass, glass_columns_a, glass_columns_a, due_unseen_surprise,
          item_on_display_a, minmay_strange_pillars,
          hellmonk_ecumenical_altar_inner_sanctum
D:2:      layout_rooms, basic_altar
D:3:      kennysheep_big_flooded_room, layout_loops_cross
D:4:      layout_basic, kennysheep_mini_moat, moated_statue, grunt_ministairs_10
D:5:      layout_loops_ring, chequers_serial_rivers_micro_b,
          chequers_serial_rivers_large_a, lightli_corner_chamber, uniq_pikel
D:6:      layout_cave_pools, uniq_grinder, uniq_eustachio, uniq_sigmund
D:7:      layout_basic, minmay_temple_entry_statues_pillars,
          nicolae_specific_store
D:8:      layout_basic
D:9:      minmay_the_grid_octo_triangle [minmay_the_grid_octo_clover_2,
          minmay_the_grid_octo_prize_ultimate_mussel_roller,
          minmay_the_grid_octo_toaster], layout_rooms, david_lair_shrubbed,
          orc_david_3, grunt_decor_resistance
D:10:     layout_layer_cave, hex_large, minmay_protected_statue, uniq_harold,
          uniq_gastronok, uniq_erolcha
Temple:   kilobyte_greek_temple

Skill      XL: |  1  2  3  4  5  6  7  8  9 10 11 |
---------------+----------------------------------+-----
Stealth        | 2 3 4 5 7 8 10 | 10.6
Dodging        | 2 3 4 5 6 |  6.6
Short Blades   | 3 4 6 8 9 |  9.2
Translocations | 4 5 6 |  6.4
Necromancy     | 3 5 |  5.5
Earth Magic    | 2 5 |  5.2
Spellcasting   | 3 |  3.2
Shields        | 3 4 |  4.0
Fighting       | |  2.0
Throwing       | |  0.8
Armour         | |  0.7

Action                   |  1- 3 |  4- 6 |  7- 9 | 10-12 || total
-------------------------+-------+-------+-------+-------++-------
Melee: Short sword       |    22 |       |       |       ||    22
       Dagger            |    23 |   175 |   333 |   497 ||  1028
Throw: Boomerang         |       |     2 |     3 |       ||     5
       Dart              |       |       |    31 |    27 ||    58
 Cast: Blink             |       |       |     1 |     4 ||     5
       Teleport Other    |       |       |       |     2 ||     2
       Vampiric Draining |       |       |       |    23 ||    23
 Abil: Spit Poison       |    22 |    19 |    12 |    33 ||    86
Evoke: Wand              |       |       |     2 |     8 ||    10
  Use: Scroll            |     3 |     6 |     7 |     9 ||    25
       Potion            |       |     3 |       |     7 ||    10
 Stab: Sleeping          |     3 |     4 |     4 |     2 ||    13
       Distracted        |       |       |     1 |       ||     1
Armor: Leather armour    |     9 |    57 |    94 |    84 ||   244
       Skin              |       |       |       |     1 ||     1
Dodge: Dodged            |    24 |    81 |   145 |   179 ||   429
Block: Buckler           |       |       |       |    39 ||    39

Table legend: (Time is in decaauts)
 A = Elapsed time spent in this place.
 B = Non-inter-level travel time spent in this place.
 C = Inter-level travel time spent in this place.
 D = Time resting spent in this place.
 E = Time spent auto-exploring this place.
 F = Levels seen in this place.
 G = Mean time per level.
                   A        B        C        D        E       F      G
               +--------+--------+--------+--------+--------+-----+--------+
         Total |  16792 |  15845 |    947 |   5113 |   6738 |  11 | 1526.5 |
       Dungeon |  16662 |  15757 |    905 |   5113 |   6681 |  10 | 1666.2 |
        Temple |    129 |     88 |     41 |      0 |     57 |   1 |  129.0 |
               +--------+--------+--------+--------+--------+-----+--------+

Top non-repeatable levels by time:
     D:5: 2814 daAuts
     D:9: 2739 daAuts
     D:8: 2321 daAuts
     D:4: 1663 daAuts
     D:6: 1652 daAuts
     D:7: 1426 daAuts
     D:1: 1421 daAuts
     D:3: 1218 daAuts
     D:2: 827 daAuts
    D:10: 577 daAuts
  Temple: 129 daAuts
